 Dungeon Crawl Stone Soup version 0.32-a0-699-g1ee5eff69a (webtiles) character file.

Game seed: 7996860675656386334

10486 lunkers the Basher (level 11, -6/83 HPs)
             Began as a Coglin Berserker on Mar 11, 2024.
             Was an Elder of Trog.
             Mangled by a blink frog (11 damage)
             ... on level 1 of the Lair of Beasts on Mar 13, 2024.
             The game lasted 00:17:33 (7107 turns).

lunkers the Basher (Coglin Berserker)               Turns: 7107, Time: 00:17:33

Health: -6/83      AC: 21    Str: 21    XL:     11   Next: 62%
Magic:  11/11      EV:  8    Int: 14    God:    Trog [****..]
Gold:   393        SH:  0    Dex: 13    Spells: 10/10 levels left

rFire   . . .        C - +6 mace of the Skies Above {flame, rPois rCorr}
rCold   + . .        y - +3 mace of Ekoizef {protect, rC+ rCorr Int+6}
rNeg    + . .        g - +2 chain mail {rN+}
rPois   +            k - +0 helmet
rElec   .            (no cloak)
rCorr   +            i - +0 pair of gloves
SInv    .            (no boots)
Will    ++...        (amulet unavailable) Stlth
                     (ring unavailable)
HPRegen 1.33/turn    (ring unavailable)
MPRegen 0.12/turn    (no gizmo)

%: no passive effects
@: strong-willed, under a protective aura, on berserk cooldown, regenerating,
slowed, revved, very slow
A: off-hand wielding, slow wielding, warmup strikes, no jewellery
a: Invent Gizmo, Renounce Religion, Berserk, Trog's Hand, Brothers in Arms


You were on level 1 of the Lair of Beasts.
You worshipped Trog.
Trog was greatly pleased with you.
You visited 2 branches of the dungeon, and saw 9 of its levels.

You collected 484 gold pieces.
You spent 91 gold pieces at shops.

Inventory:

Hand Weapons
 w - a +0 morningstar {Servia}
 y - the +3 mace of Ekoizef (offhand) {protect, rC+ rCorr Int+6}
   (You found it on level 5 of the Dungeon)

   Int+6:     It affects your intelligence (+6).
   rC+:       It protects you from cold.
   rCorr:     It protects you from acid and corrosion.
 B - a +1 morningstar of freezing {Minjun}
 C - the +6 mace of the Skies Above (weapon) {flame, rPois rCorr}
   (You took it off an orc wizard on level 8 of the Dungeon)

   rPois:     It protects you from poison.
   rCorr:     It protects you from acid and corrosion.
Armour
 g - a +2 chain mail of positive energy (worn)
 i - a +0 pair of gloves (worn)
 k - a +0 helmet (worn)
Wands
 n - a wand of quicksilver (15)
 o - a wand of roots (4)
 z - a wand of charming (17)
Scrolls
 b - 2 scrolls of immolation
 f - a scroll of amnesia {unknown}
 j - 7 scrolls of teleportation
 l - a scroll of fog
 m - a scroll of enchant weapon
 v - a scroll of fear
 x - 2 scrolls of brand weapon
 A - a scroll of revelation
Potions
 c - a potion of might
 d - 7 potions of curing
 e - a potion of ambrosia
 h - a potion of resistance
 p - 4 potions of heal wounds
 q - a potion of mutation {unknown}
 r - 3 potions of brilliance
 s - a potion of cancellation {unknown}
Miscellaneous
 a - a phantom mirror


   Skills:
 + Level 6.7 Fighting
 - Level 14.0 Maces & Flails
 + Level 5.0 Armour
 - Level 1.7 Dodging
 + Level 7.8 Evocations


You had 10 spell levels left.
You didn't know any spells.
Your spell library was empty.

Dungeon Overview and Level Annotations

Branches:
Dungeon (8/15)             Temple (0/1) D:5            Lair (1/5) D:8

Altars:

Shops:
D:8 *


Innate Abilities, Weirdness & Mutations

You can wield a second weapon in your off-hand.
It takes a long time for you to wield or remove held weapons.
Your first few attacks do less damage.
You cannot equip rings or amulets.


Message History

* * * LOW HITPOINT WARNING * * *
You hit the cane toad with the +6 mace of the Skies Above.
You burn the cane toad.
The cane toad is almost dead.
You hit the cane toad with the +3 mace of Ekoizef.
Your weapon exudes an aura of protection.
You feel sick. The cane toad stings you!
* * * LOW HITPOINT WARNING * * *
The cane toad stings you but does no damage.
You hit the cane toad with the +6 mace of the Skies Above.
You burn the cane toad.
You kill the cane toad!
Trog accepts your kill.
You feel sick.
The blink frog blinks!
Training target 14.0 for Maces & Flails reached!
Your Maces & Flails skill increases to level 14!
Your Armour skill increases to level 5!
Unknown command.
Your skin crawls.
You feel strong-willed.
You feel sick. The yak gores you but does no damage.
You hit the yak but do no damage.
You hit the yak with the +3 mace of Ekoizef.
You feel sick. The yak gores you but does no damage.
You sock the yak with the +6 mace of the Skies Above!
You burn the yak!
The yak is severely wounded.
You hit the yak with the +3 mace of Ekoizef.
You feel sick. The yak gores you but does no damage.
You sock the yak with the +6 mace of the Skies Above!
You burn the yak.
You kill the yak!
Trog accepts your kill.
You feel sick.
You are no longer poisoned.
The blink frog blinks!
The blink frog hits you!
* * * LOW HITPOINT WARNING * * *
The blink frog hits you!
You die...

.⌠..⌠.>.⌠...
........... ........#
###...⌠..# ###.......#
##........# .#
.....⌠..Y.# ## ...#
.#......F###P##.#.#
### +..F..##@.........
##..
F....###...........#
...
.#####.............#
#.. +..............#
#.. #..............#
#..
#..............#####..
#..............P#P.'.<
#..................#..
#........†.....'.###..


You could see a yak and a blink frog.

Vanquished Creatures
  A centaur warrior (D:8)
  A two-headed ogre (D:5)
  Nergalle (Lair:1)
  Pikel (D:5)
  An ugly thing (D:8)
  A cyclops (D:8)
  2 manticores (D:8)
  A cane toad (Lair:1)
  Jeremiah (D:7)
  Prince Ribbit (D:5)
  The ghost of meatmacerator the Ducker, an amateur OpFi (D:5)
  A slime creature (D:8)
  Sigmund (D:2)
  3 wyverns (Lair:1)
  5 yaks (Lair:1)
  A basilisk (Lair:1)
  Menkaure (D:6)
  3 steam dragons (D:8)
  Duvessa (D:5)
  An acid dragon (D:8)
  3 water moccasins
  2 orc warriors (D:7)
  3 black bears
  A laughing skull (D:8)
  2 sky beasts
  An ogre (D:7)
  3 centaurs
  3 lemures (D:5)
  A kobold brigand (D:8)
  7 bullfrogs
  15 wights
  A scorpion (D:6)
  Dowan (D:5)
  A howler monkey (D:8)
  3 bombardier beetles
  2 hounds
  2 orc priests
  2 jellies (D:6)
  2 sleepcaps (D:4)
  Terence (D:2)
  2 iguanas
  7 orc wizards
  Robin (D:4)
  2 adders
  4 gnolls (D:4)
  A shadow imp (D:7)
  2 ufetubi (D:6)
  2 ribbon worms
  3 dart slugs
  22 orcs
  10 ball pythons
  5 bats
  7 endoplasms
  5 giant cockroaches
  8 goblins
  8 hobgoblins
  4 jackals (D:3)
  7 quokkas
  4 frilled lizards
  3 kobolds
  5 rats
197 creatures vanquished.

Notes
Turn   | Place    | Note
-------+----------+-------------------------------------------
     0 | D:1      | lunkers the Coglin Berserker began the quest for the Orb.
     0 | D:1      | Reached XP level 1. HP: 18/18 MP: 1/1
   105 | D:1      | Reached skill level 3 in Maces & Flails
   180 | D:1      | Reached XP level 2. HP: 23/24 MP: 2/2
   420 | D:1      | Reached XP level 3. HP: 24/29 MP: 3/3
   822 | D:2      | Noticed Terence
   830 | D:2      | Killed Terence
   831 | D:2      | Reached skill level 4 in Maces & Flails
   831 | D:2      | Reached XP level 4. HP: 35/35 MP: 4/4
   835 | D:2      | Reached ** piety under Trog
   871 | D:2      | Noticed Sigmund
   891 | D:2      | Killed Sigmund
   892 | D:2      | Reached skill level 5 in Maces & Flails
   892 | D:2      | Reached XP level 5. HP: 41/41 MP: 5/5
   892 | D:2      | Reached XP level 6. HP: 47/47 MP: 6/6
  1109 | D:2      | Reached skill level 6 in Maces & Flails
  1946 | D:4      | Noticed a sky beast
  1952 | D:4      | Killed a sky beast
  1953 | D:4      | Reached skill level 7 in Maces & Flails
  1953 | D:4      | Reached XP level 7. HP: 41/52 MP: 7/7
  2056 | D:4      | Noticed Robin
  2069 | D:4      | Killed Robin
  2535 | D:4      | Reached *** piety under Trog
  2869 | D:5      | Entered Level 5 of the Dungeon
  2879 | D:5      | Noticed Duvessa
  2879 | D:5      | Noticed Dowan
  2882 | D:5      | Killed Dowan
  2885 | D:5      | Killed Duvessa
  2886 | D:5      | Reached skill level 8 in Maces & Flails
  3077 | D:5      | Found a runed translucent door.
  3083 | D:5      | Noticed meatmacerator's ghost (amateur OpFi)
  3107 | D:5      | Noticed Pikel
  3108 | D:5      | Identified the +3 mace of Ekoizef {protect, rC+ rCorr
                  | Int+6}
  3119 | D:5      | Killed Pikel
  3120 | D:5      | Reached skill level 9 in Maces & Flails
  3120 | D:5      | Reached XP level 8. HP: 54/58 MP: 8/8
  3122 | D:5      | Upgraded the game from 0.32-a0-675-gdc239d62e1 to
                  | 0.32-a0-699-g1ee5eff69a
  3175 | D:5      | Noticed a two-headed ogre
  3180 | D:5      | Killed a two-headed ogre
  3181 | D:5      | Reached skill level 11 in Maces & Flails
  3181 | D:5      | Reached XP level 9. HP: 63/63 MP: 9/9
  3516 | D:5      | Found a staircase to the Ecumenical Temple.
  3645 | D:5      | Noticed Prince Ribbit
  3648 | D:5      | Killed Prince Ribbit
  3995 | D:5      | Killed meatmacerator's ghost
  4306 | D:6      | Reached skill level 12 in Maces & Flails
  4306 | D:6      | Reached skill level 1 in Evocations
  4319 | D:6      | Noticed Menkaure
  4329 | D:6      | Killed Menkaure
  4731 | D:7      | Reached XP level 10. HP: 62/71 MP: 10/10
  4859 | D:7      | Noticed Jeremiah
  4868 | D:7      | Killed Jeremiah
  5391 | D:8      | Noticed a centaur warrior
  5403 | D:8      | Killed a centaur warrior
  5434 | D:8      | Reached skill level 5 in Evocations
  5447 | D:8      | Reached skill level 5 in Fighting
  5581 | D:8      | Reached skill level 13 in Maces & Flails
  5630 | D:8      | Reached **** piety under Trog
  5630 | D:8      | Noticed a brown ugly thing
  5631 | D:8      | Noticed a manticore
  5637 | D:8      | Killed a brown ugly thing
  5638 | D:8      | Noticed a cyclops
  5639 | D:8      | Killed a manticore
  5642 | D:8      | Killed a cyclops
  5643 | D:8      | Reached XP level 11. HP: 80/80 MP: 11/11
  5647 | D:8      | Noticed a manticore
  5652 | D:8      | Killed a manticore
  5657 | D:8      | Identified the +6 mace of the Skies Above {flame, rPois
                  | rCorr}
  6422 | D:8      | Found Kiufeja's Assorted Antiques.
  6430 | D:8      | Bought a scroll labelled QIELUD WOOGECA for 33 gold pieces
  6430 | D:8      | Bought a brown potion for 29 gold pieces
  6430 | D:8      | Bought a bubbling yellow potion for 29 gold pieces
  6705 | D:8      | Found a staircase to the Lair.
  6922 | Lair:1   | Entered Level 1 of the Lair of Beasts
  6922 | Lair:1   | Noticed Nergalle
  6930 | Lair:1   | Killed Nergalle
  7103 | Lair:1   | Reached skill level 14 in Maces & Flails
  7103 | Lair:1   | Reached skill level 5 in Armour
  7107 | Lair:1   | Mangled by a blink frog

Illustrated notes

Levels and vault maps discovered:
D:1:      tarquinn_simple_flora_water_b, layout_loops_ring
D:2:      layout_rooms, minmay_surrounded, uniq_sigmund, uniq_terence
D:3:      layout_basic, grunt_decor_clamped
D:4:      layout_gridville, serial_bayou, serial_bayou_lake_a,
          serial_bayou_pond_e, serial_bayou_lagoon_a, serial_bayou_ford_a,
          uniq_robin
D:5:      layout_loops_ring, lemuel_temple_firewalk_a,
          ebering_ghost_reflecting_pool, minmay_misc_feat_diagonals, uniq_pikel,
          uniq_prince_ribbit1, uniq_duvessa
D:6:      layout_rooms, uniq_menkaure
D:7:      layout_cave_pools, uniq_jeremiah
D:8:      minmay_the_grid_octo_tiled_squarecenter
          [minmay_the_grid_octo_tetromino_candy, minmay_the_grid_octo_clover_2,
          minmay_the_grid_octo_thin_diamonds, minmay_the_grid_octo_empty,
          minmay_the_grid_square_5x5_megaprize_checkered,
          minmay_the_grid_square_5x5_tie, minmay_the_grid_square_5x5_minivault,
          minmay_the_grid_square_5x5_inner_z,
          minmay_the_grid_square_5x5_hourglass], layout_basic,
          dpeg_oklobed_lair, serial_shops, shop
Lair:1:   layout_roguey, st_stairs_6, grunt_megastairs_3, serial_bayou_shore_b,
          uniq_nergalle

Skill      XL: |  1  2  3  4  5  6  7  8  9 10 11 |
---------------+----------------------------------+-----
Maces & Flails | 3 4 5 7 9 11 12 13 14 | 14.0
Evocations     | 3 6 7 |  7.8
Fighting       | 4 5 6 |  6.7
Armour         | 3 5 |  5.0
Dodging        | |  1.7

Action                     |  1- 3 |  4- 6 |  7- 9 | 10-12 || total
---------------------------+-------+-------+-------+-------++-------
  Melee: Mace              |    65 |    79 |   149 |   282 ||   575
         Dagger            |    11 |       |       |       ||    11
         Whip              |    52 |    76 |    54 |       ||   182
         Flail             |       |       |    47 |       ||    47
         Morningstar       |       |       |    75 |    92 ||   167
 Invoke: Berserk           |     1 |       |     3 |     5 ||     9
         Trog's Hand       |       |     1 |       |     1 ||     2
  Evoke: Wand              |       |       |     1 |       ||     1
    Use: Scroll            |     2 |     5 |       |     8 ||    15
   Stab: Distracted        |       |       |     1 |       ||     1
 Armour: Animal skin       |     5 |       |       |       ||     5
         Leather armour    |    36 |     8 |       |       ||    44
         Chain mail        |       |    63 |   163 |   164 ||   390
  Dodge: Dodged            |    48 |    33 |    76 |    69 ||   226

Table legend: (Time is in decaauts)
 A = Elapsed time spent in this place.
 B = Non-inter-level travel time spent in this place.
 C = Inter-level travel time spent in this place.
 D = Time resting spent in this place.
 E = Time spent auto-exploring this place.
 F = Levels seen in this place.
 G = Mean time per level.
                   A        B        C        D        E       F      G
               +--------+--------+--------+--------+--------+-----+--------+
         Total |   7151 |   6840 |    311 |     57 |   5527 |   9 |  794.6 |
       Dungeon |   6971 |   6661 |    310 |     56 |   5411 |   8 |  871.4 |
          Lair |    180 |    180 |      0 |      1 |    116 |   1 |  180.0 |
               +--------+--------+--------+--------+--------+-----+--------+

Top non-repeatable levels by time:
     D:8: 1700 daAuts
     D:5: 1223 daAuts
     D:4: 1093 daAuts
     D:1: 787 daAuts
     D:7: 684 daAuts
     D:3: 559 daAuts
     D:2: 471 daAuts
     D:6: 451 daAuts
  Lair:1: 180 daAuts
